 Dungeon Crawl Stone Soup version 0.23.2-33-g5129a83184 (webtiles) character file.

Game seed: 7656302710107895696

2418 FishyPogo the Grave Robber (level 9, -1/67 HPs)
             Began as a Centaur Necromancer on July 25, 2019.
             Was a Follower of Vehumet.
             Slain by an orc warrior
             ... wielding a +0 hand axe
              (19 damage)
             ... on level 6 of the Dungeon.
             The game lasted 01:22:07 (9742 turns).

FishyPogo the Grave Robber (Centaur Necromancer)    Turns: 9742, Time: 01:22:08

Health: -1/67      AC:  7    Str: 10    XL:     9   Next: 24%
Magic:  17/17      EV:  8    Int: 15    God:    Vehumet [*.....]
Gold:   292        SH:  0    Dex: 13    Spells: 8/19 levels left

rFire    . . .     SeeInvis .   a - +4 quick blade
rCold    . . .     Gourm    .   (no shield)
rNeg     . . .     Faith    .   p - +1 leather armour
rPois    .         Spirit   .   (no helmet)
rElec    .         Reflect  .   (no cloak)
rCorr    .         Harm     +   g - +0 pair of gloves
MR       .....                  (no barding)
Stlth    +.........             s - amulet of harm
HPRegen  0.21/turn              w - +1 ring of protection
MPRegen  0.15/turn              (no ring)

@: about to teleport, heavily drained, very quick
A: large, hooves 3, deformed body, speed 2, tough skin 3
a: Renounce Religion


You were on level 6 of the Dungeon.
You worshipped Vehumet.
Vehumet was aware of your devotion.
You were near starving.

You visited 1 branch of the dungeon, and saw 6 of its levels.
You also visited: Sewer.

You collected 292 gold pieces.

Inventory:

Hand Weapons
 a - a +4 quick blade (weapon)
 b - a +1 shortbow of freezing
 d - a +0 shortbow
 r - a +3 dagger
 t - a +0 spear
 z - a +2 dagger of venom
Missiles
 k - 11 poisoned needles
 q - 7 needles of confusion
 v - 81 arrows (quivered)
Armour
 g - a +0 pair of gloves (worn)
 p - a +1 leather armour (worn)
Magical Staves
 x - an uncursed staff of cold {unknown}
Jewellery
 s - an amulet of harm (around neck)
 w - a +1 ring of protection (left hand)
Wands
 i - a wand of flame (12)
Scrolls
 e - 4 scrolls of identify
 f - 3 scrolls of immolation
 h - 6 scrolls of remove curse
 l - a scroll of magic mapping
 m - 2 scrolls of teleportation
 n - a scroll of noise
 y - a scroll of amnesia {unknown}
Potions
 j - 2 potions of lignification
 o - 4 potions of curing
 u - a potion of ambrosia
 A - a potion of haste
 C - a potion of cancellation {unknown}
Comestibles
 c - 9 rations


   Skills:
 - Level 2.2(0.9) Fighting
 * Level 3.8(2.5) Short Blades
 - Level 1.9(0.6) Polearms
 + Level 2.9(1.6) Bows
 - Level 1.4(0.1) Dodging
 - Level 1.1(0.0) Stealth
 - Level 5.6(4.2) Spellcasting
 - Level 7.6(6.2) Necromancy
 - Level 2.9(1.6) Evocations


You had 8 spell levels left.
You knew the following spells:

 Your Spells              Type           Power        Failure   Level  Hunger
a - Pain                  Necr           ###.         1%          1    None
b - Animate Skeleton      Necr           N/A          1%          1    None
c - Vampiric Draining     Necr           ###.......   5%          3    ###....
d - Animate Dead          Necr           N/A          19%         4    ####...
e - Sublimation of Blood  Necr           ###.......   2%          2    ##.....

Your spell library contained the following spells:

 Spells                   Type           Power        Failure   Level  Hunger
 Flame Tongue             Conj/Fire      #....        24%         1    None
 Regeneration             Chrm/Necr      ##........   21%         3    ###....
 Ignite Poison            Fire/Tmut/Pois #.......     58%         3    ###....
 Petrify                  Tmut/Erth      #.......     94%         4    ####...
 Alistair's Intoxication  Tmut/Pois      #.......     100%        5    ######.
 Irradiate                Conj/Tmut      #.........   100%        5    ######.


Dungeon Overview and Level Annotations

Branches:
Dungeon (6/15)
 Temple: D:4-7

Altars:
Ashenzari
Gozag
Hepliaklqana
Ru
Vehumet

Shops:
D:4 [


Innate Abilities, Weirdness & Mutations

You have hooves in place of feet.
Armour fits poorly on your strangely shaped body.
You cover ground very quickly.
You have extremely tough skin. (AC +3)


Message History

* * * LOW HITPOINT WARNING * * *
You start resting.
Magic restored.
You start resting.
The orc warrior is too close now for your liking.
Evoke which item? (* to show all) (? for menu, Esc to quit)
Aiming: Throw Flame
Press: ? - help, Shift-Dir - straight line, f/p - orc warrior
Aim: an orc warrior, wielding a +0 hand axe and wearing a +0 chain mail (moderately wounded)
The puff of flame hits the orc warrior!
The orc warrior is heavily wounded.
Evoke which item? (* to show all) (? for menu, Esc to quit)
Aiming: Throw Flame
Press: ? - help, Shift-Dir - straight line, f/p - orc warrior
Aim: an orc warrior, wielding a +0 hand axe and wearing a +0 chain mail (heavily wounded)
The puff of flame hits the orc warrior but does no damage.
The orc warrior is heavily wounded.
As you read the scroll of teleportation, it crumbles to dust.
You feel strangely unstable.
The orc warrior hits you with a +0 hand axe!
You die...

...............#.....##...#.##
##.....[.......#.....##......###
.....(.............##.#........#
....(.........##.#############.#
.#...........o#### ##8## #.#
..............## ##8...8 #.#
...............####..... #.#
........(..#...o.#>..... #.#
...(.....#.#....@##..... ####
....<.##.##(.....##8...8 ##
.####.##.......### #8## .#
#.....###..## # .# ##..........#
## #.....#....# # ##.######.##
#.# ### ###


You could see an orc warrior and an orc priest.

Vanquished Creatures
  Pikel (D:5)
  Grinder (D:3)
  Eustachio (D:5)
  A sky beast (D:5)
  3 slaves
  2 centaurs
  2 ogres
  2 big kobolds (Sewer)
  3 bullfrogs (D:6)
  A water moccasin zombie (D:4)
  A scorpion (D:6)
  4 wights (D:6)
  A bullfrog zombie (D:6)
  3 centaur zombies (D:4)
  2 hounds (D:6)
  2 centaur skeletons
  2 orc priests (D:4)
  A bullfrog skeleton (D:5)
  2 orc wizards
  3 worker ants
  A hound zombie (D:4)
  2 worker ant zombies
  8 adders
  A river rat (Sewer)
  An ooze (Sewer)
  3 adder skeletons (D:4)
  An adder zombie (D:4)
  7 worms
  3 dart slugs
  7 leopard geckos
  8 orcs
  8 giant cockroaches
  7 goblins
  7 hobgoblins
  6 jackals (D:4)
  8 quokkas
  5 ball pythons
  13 bats
  5 frilled lizards
  A giant cockroach zombie (D:4)
  10 kobolds
  A leopard gecko skeleton (D:4)
  A leopard gecko zombie (D:4)
  16 rats
168 creatures vanquished.

Vanquished Creatures (collateral kills)
  An ooze (D:2)
  A dart slug (D:2)
  A leopard gecko (D:4)
  A giant cockroach (D:4)
  A hobgoblin (D:2)
  A ball python (D:1)
  A giant cockroach zombie (D:4)
  A jackal zombie (D:4)
  A kobold (D:1)
  A rat (Sewer)
10 creatures vanquished.

Vanquished Creatures (others)
  A slave (D:5)
1 creature vanquished.

Grand Total: 179 creatures vanquished

Notes
Turn   | Place    | Note
-------+----------+-------------------------------------------
     0 | D:1      | FishyPogo the Centaur Necromancer began the quest for the
                  | Orb.
     0 | D:1      | Reached XP level 1. HP: 14/14 MP: 3/3
    68 | D:1      | Learned a level 1 spell: Animate Skeleton
   226 | D:1      | Reached XP level 2. HP: 17/20 MP: 1/4
   234 | D:1      | Reached skill level 4 in Necromancy
  1366 | D:1      | Reached XP level 3. HP: 17/26 MP: 0/6
  1775 | D:2      | Learned a level 3 spell: Vampiric Draining
  1865 | D:2      | Reached XP level 4. HP: 27/33 MP: 4/7
  2598 | D:3      | Noticed an ogre
  2647 | D:2      | Killed an ogre
  2647 | D:2      | Reached skill level 5 in Necromancy
  2647 | D:2      | Reached XP level 5. HP: 32/38 MP: 0/9
  2869 | D:3      | Learned a level 4 spell: Animate Dead
  3069 | D:3      | Noticed Grinder
  3246 | D:3      | Paralysed by Grinder for 7 turns
  3261 | D:3      | Paralysed by Grinder for 3 turns
  3276 | D:3      | Paralysed by Grinder for 6 turns
  3294 | D:3      | Killed Grinder
  3294 | D:3      | Reached XP level 6. HP: 19/45 MP: 11/11
  3643 | D:4      | Found a glowing drain.
  3679 | Sewer    | Entered a sewer
  3848 | Sewer    | Reached skill level 6 in Necromancy
  4104 | Sewer    | Reached XP level 7. HP: 36/50 MP: 4/13
  4797 | D:4      | Found Vaeps's Antique Armour Shoppe.
  4955 | D:4      | Found a radiant altar of Vehumet.
  5320 | D:4      | Became a worshipper of Vehumet
  5966 | D:4      | Found a shattered altar of Ashenzari.
  5997 | D:5      | Entered Level 5 of the Dungeon
  5997 | D:5      | Noticed Eustachio
  6023 | D:5      | Killed Eustachio
  6023 | D:5      | Reached skill level 5 in Spellcasting
  6023 | D:5      | Reached skill level 7 in Necromancy
  6023 | D:5      | Reached skill level 1 in Evocations
  6023 | D:5      | Reached XP level 8. HP: 44/58 MP: 6/15
  6059 | D:5      | Noticed Pikel
  6816 | D:5      | Killed Pikel
  6816 | D:5      | Reached skill level 1 in Fighting
  6816 | D:5      | Reached skill level 1 in Polearms
  7107 | D:5      | Found an opulent altar of Gozag.
  7705 | D:5      | Found a hazy altar of Hepliaklqana.
  7856 | D:5      | Learned a level 2 spell: Sublimation of Blood
  8241 | D:5      | Identified a scroll of acquirement
  8345 | D:6      | Found a sacrificial altar of Ru.
  8395 | D:6      | Reached skill level 1 in Short Blades
  8427 | D:6      | Reached XP level 9. HP: 12/67 MP: 3/17
  8444 | D:6      | Reached * piety under Vehumet
  8444 | D:6      | Offered knowledge of Flame Tongue by Vehumet.
  8716 | D:6      | Reached skill level 1 in Bows
  9742 | D:6      | Slain by an orc warrior

Skill      XL: |  1  2  3  4  5  6  7  8  9 |
---------------+----------------------------+-----
Necromancy     | 4 5 6 7 |  7.6
Spellcasting   | 2 3 4 5 |  5.6
Evocations     | 1 2 |  2.9
Fighting       | 2 |  2.2
Polearms       | 1 |  1.9
Short Blades   | 2 3 |  3.8
Bows           | 2 |  2.9
Dodging        | |  1.4
Stealth        | |  1.1

Action                   |  1- 3 |  4- 6 |  7- 9 || total
-------------------------+-------+-------+-------++-------
Melee: Club              |    27 |       |       ||    27
       Spear             |    20 |   105 |   132 ||   257
       Kick              |     3 |    13 |    39 ||    55
       Quick blade       |       |       |    67 ||    67
 Fire: Shortbow          |       |       |    31 ||    31
 Cast: Pain              |    47 |   106 |   126 ||   279
       Animate Skeleton  |    10 |    21 |    20 ||    51
       Vampiric Draining |     2 |       |       ||     2
       Animate Dead      |       |     2 |     2 ||     4
       Sublimation of Bl |       |       |     1 ||     1
Evoke: Wand              |       |       |    10 ||    10
  Use: Potion            |     1 |     2 |     3 ||     6
       Scroll            |       |     7 |    10 ||    17
 Stab: Distracted        |       |     1 |       ||     1
  Eat: Chunk             |     4 |     7 |     7 ||    18
       Ration            |       |       |     2 ||     2
Armor: Robe              |    14 |       |       ||    14
       Leather armour    |     9 |    23 |    75 ||   107
       Skin              |       |    16 |       ||    16
Dodge: Dodged            |    31 |    45 |    96 ||   172
